 Dungeon Crawl Stone Soup version 0.16.2-12-gd0ad4c3 (webtiles) character file.

22749 Kira the Unseen (level 12, -5/56 HPs)
             Began as a Spriggan Enchanter on Oct 20, 2015.
             Was a High Priest of Nemelex Xobeh.
             Shot with an arrow by a centaur warrior (13 damage)
             ... on level 15 of the Dungeon.
             The game lasted 01:14:31 (16192 turns).

Kira the Unseen (Spriggan Enchanter)               Turns: 16192, Time: 01:14:31

Health: -5/56      AC:  7    Str:  4    XL:     12   Next: 65%
Magic:  25/33      EV: 33    Int: 24    God:    Nemelex Xobeh [*****.]
Gold:   940        SH:  8    Dex: 16    Spells: 7 memorised, 11 levels left

rFire  + + .     SeeInvis +     D - +5 short sword of the Gloaming {flame, rElec rPois Int+2}
rCold  + + .     Clarity  +     x - +0 robe {rC+ rF+}
rNeg   . . .     SustAb   .     (shield restricted)
rPois  +         Gourm    .     (helmet restricted)
rElec  +         Spirit   .     (no cloak)
rCorr  +         Warding  .     (gloves unavailable)
rMut   .         Stasis   .     (boots unavailable)
MR     ++...                    R - amulet of clarity (curse)
Stlth  ++++++++..               u - ring of stealth
                                V - +3 ring of protection

@: phasing, stone skin, resistant, shielded, very quick, very resistant to
hostile enchantments, extraordinarily stealthy
A: unfitting armour, see invisible, herbivore 3, speed 3, slow metabolism 2
a: Triple Draw, Deal Four, Stack Five, Renounce Religion


You were on level 15 of the Dungeon.
You worshipped Nemelex Xobeh.
Nemelex Xobeh was extremely pleased with you.
You were full.

You visited 3 branches of the dungeon, and saw 17 of its levels.

You collected 940 gold pieces.

Inventory:

Hand weapons
 D - the +5 short sword of the Gloaming (weapon) {flame, rElec rPois Int+2}
   (You found it on level 5 of the Dungeon)

   It has been specially enchanted to burn those struck by it, causing extra
   injury to most foes and up to half again as much damage against particularly
   susceptible opponents.
   It affects your intelligence (+2).
   It insulates you from electricity.
   It protects you from poison.
Armour
 x - a +0 robe of resistance (worn)
Jewellery
 u - a ring of stealth (right hand)
 R - a cursed amulet of clarity (around neck)
 V - a +3 ring of protection (left hand)
Magical devices
 b - a wand of fireball (5)
 c - a wand of paralysis (3)
 f - a wand of magic darts (10)
 g - a wand of fire (0)
 p - a wand of frost (31)
 A - a wand of flame (23)
 J - a wand of disintegration (12)
 U - a wand of fireball (6)
Scrolls
 a - a scroll of torment {unknown}
 e - 10 scrolls of remove curse
 i - 4 scrolls of enchant weapon {unknown}
 l - 18 scrolls of identify
 m - 3 scrolls of teleportation {unknown}
 n - 4 scrolls of fog {unknown}
 q - 3 scrolls of noise {unknown}
 r - 4 scrolls of random uselessness {unknown}
 v - a scroll of brand weapon {unknown}
 w - 6 scrolls of amnesia {unknown}
 y - 3 scrolls of fear {unknown}
 z - a scroll of blinking {unknown}
 C - 2 scrolls of immolation {unknown}
 F - 2 scrolls of recharging {unknown}
 H - a scroll of summoning {unknown}
 N - 2 scrolls of silence {unknown}
 O - 2 scrolls of enchant armour {unknown}
 Q - a scroll of acquirement {unknown}
 Y - a scroll of holy word {unknown}
Potions
 h - a potion of cure mutation {unknown}
 j - 5 potions of curing
 k - 2 potions of ambrosia {unknown}
 o - 3 potions of heal wounds {unknown}
 s - 2 potions of haste {unknown}
 t - a potion of brilliance {unknown}
 I - 2 potions of flight {unknown}
 K - a potion of agility {unknown}
 L - 2 potions of poison {unknown}
 S - 2 potions of magic {unknown}
 T - 3 potions of might {unknown}
 W - a potion of restore abilities {unknown}
 X - a potion of invisibility {unknown}
Miscellaneous
 B - a legendary deck of war {drawn: 7}
 E - an ornate deck of war {drawn: 6}
 G - an ornate deck of war
 M - a plain deck of war {drawn: 2}
 P - a plain deck of destruction {drawn: 3}
 Z - an ornate deck of war
Comestibles
 d - 9 bread rations


   Skills:
 + Level 3.3 Fighting
 + Level 5.5 Short Blades
 + Level 10.2 Dodging
 + Level 16.6 Stealth
 + Level 10.6 Spellcasting
 + Level 5.1 Conjurations
 + Level 9.4 Hexes
 + Level 0.8 Charms
 * Level 6.0 Translocations
 - Level 2.0 Ice Magic
 * Level 9.9 Evocations


You had 11 spell levels left.
You knew the following spells:

 Your Spells              Type           Power        Failure   Level  Hunger
a - Corona                Hex            ######.      1%          1    None
b - Ensorcelled Hibernat  Hex/Ice        #####.       1%          2    None
c - Confuse               Hex            ######..     1%          3    None
d - Sure Blade            Hex/Chrm       #####.....   1%          2    None
e - Fulminant Prism       Conj/Hex       #####.....   2%          4    None
f - Force Lance           Conj/Tloc      #####...     6%          4    None
g - Warp Weapon           Chrm/Tloc      ####......   34%         5    ####...


Dungeon Overview and Level Annotations

Branches:
Dungeon (15/15)            Temple (1/1) D:4            Lair (1/8) D:8
    Orc (0/4) D:12
 Vaults: D:13-14     Depths: D:15

Altars:
Ashenzari
Cheibriados
Dithmenos
Elyvilon
Fedhas
Gozag
Kikubaaqudgha
Makhleb
Nemelex Xobeh
Okawaru
Qazlal
Ru
Sif Muna
Trog
Vehumet
Xom
Yredelemnul
Zin
The Shining One

Shops:
D:13 %


Innate Abilities, Weirdness & Mutations

You are tiny and cannot use many weapons and most armour.
You have supernaturally acute eyesight.
You are a herbivore.
You cover ground extremely quickly.
You need consume almost no food.


Message History

The centaur shoots an arrow.
The arrow barely misses you.
You see here an arrow.
Evoke which item? (* to show all) (? for menu, Esc to quit)
You draw a card...
It is the Helm.
You feel the strange sensation of being on two planes at once.
Your skin hardens.
You feel resistant. A magical shield forms in front of you.
The orc shouts!
The centaur shoots an arrow.
The arrow completely misses you.
The centaur shoots an arrow.
You block the arrow.
Evoke which item? (* to show all) (? for menu, Esc to quit)
You draw a card...
It is the Illusion.
Suddenly you stand beside yourself.
The centaur shoots an arrow.
The arrow misses Kira's illusion.
The arrow hits you.
* * * LOW HITPOINT WARNING * * *
The centaur shoots an arrow.
The arrow completely misses Kira's illusion.
You block the arrow.
The centaur warrior shoots an arrow.
The arrow hits you!
You die...
Your body disappears without a glow.

##5## ##..)##
#####...c.#
##...#....##
#........###########
.......c@....^...D..
#....oc#(###########
#...##((# #### ##@#
########.#
#.......(# #####
#.#####.)#
#...####.#####..####
#.#................#
#...####.#####..##.#
##.## #.# ##...#.#
##.#
#.####......########


You could see a centaur warrior, 2 centaurs, a crimson imp, an orc and the
friendly Kira's illusion.

Vanquished Creatures
  An ettin (D:12)
  A hydra (D:12)
  A centaur warrior (D:13)
  Urug (D:14)
  3 unseen horrors
  An orc knight (D:15)
  6 hill giants
  An orc sorcerer (D:15)
  A griffon (D:15)
  2 ugly things
  An elephant (D:8)
  Maurice (D:13)
  A black mamba (Lair:1)
  A centaur skeleton (D:8)
  A gargoyle (D:14)
  A komodo dragon (D:11)
  4 trolls
  A two-headed ogre (D:11)
  Prince Ribbit (D:3)
  5 slime creatures
  2 ravens
  A trapdoor spider (D:13)
  A wyvern (D:9)
  The ghost of Kira the Sneak, an average SpEn (D:5)
  3 hungry ghosts
  A shadow (D:12)
  Eustachio (D:7)
  A hippogriff (D:13)
  Edmund (D:9)
  An eye of draining (D:12)
  3 sky beasts
  A water moccasin (D:8)
  2 ice beasts
  8 ogres
  4 orc warriors
  4 black bears
  11 centaurs
  A necrophage (D:14)
  4 crocodiles
  A phantom (D:7)
  2 big kobolds
  4 giant frogs
  6 scorpions
  3 wights (D:8)
  17 killer bees
  4 hounds
  3 goliath beetles
  8 crimson imps
  3 centaur zombies
  2 jellies
  2 giant frog skeletons
  4 iguanas
  8 orc priests
  15 orc wizards
  6 worker ants
  A hound zombie (D:10)
  A hound skeleton (D:5)
  A mummy (D:13)
  11 adders
  3 gnolls (D:3)
  2 giant mites
  2 worms
  An adder zombie (D:5)
  11 giant geckos
  31 orcs
  A bat skeleton (D:7)
  4 giant cockroaches
  10 goblins
  15 hobgoblins
  8 jackals
  23 kobolds
  5 quokkas
  2 ball pythons
  11 bats
  3 giant newts
  3 giant spores
  A jackal skeleton (D:8)
  3 quokka skeletons
  12 rats
  6 ballistomycetes
345 creatures vanquished.

Vanquished Creatures (collateral kills)
  Fannar (D:10)
  A sky beast (D:13)
  2 ice beasts (D:10)
  4 killer bees (D:13)
  An adder skeleton (D:10)
  An orc (D:10)
  A rat (D:10)
11 creatures vanquished.

Vanquished Creatures (others)
  A mottled dragon (D:10)
  An ice beast (D:10)
  A crocodile (D:12)
  5 fulminant prisms
  A bat (D:10)
9 creatures vanquished.

Grand Total: 365 creatures vanquished

Notes
Turn   | Place    | Note
--------------------------------------------------------------
     0 | D:1      | Kira, the Spriggan Enchanter, began the quest for the Orb.
     0 | D:1      | Reached XP level 1. HP: 9/9 MP: 4/4
   186 | D:1      | Reached XP level 2. HP: 13/13 MP: 7/7
   230 | D:1      | Learned a level 2 spell: Ensorcelled Hibernation
   729 | D:1      | Reached skill level 5 in Stealth
  1042 | D:2      | Reached XP level 3. HP: 12/16 MP: 8/11
  1345 | D:2      | Found a stormy altar of Qazlal.
  1347 | D:2      | Noticed a fire elemental
  1363 | D:2      | Noticed an air elemental
  1366 | D:2      | Noticed an earth elemental
  1366 | D:2      | Noticed a water elemental
  1631 | D:2      | Reached skill level 6 in Stealth
  1820 | D:3      | Reached XP level 4. HP: 21/21 MP: 7/13
  2213 | D:3      | Noticed a scorpion
  2224 | D:3      | Killed a scorpion
  2376 | D:4      | Noticed Prince Ribbit
  2689 | D:3      | Reached XP level 5. HP: 24/24 MP: 2/17
  2837 | D:3      | Reached skill level 7 in Stealth
  3029 | D:2      | Learned a level 3 spell: Confuse
  3032 | D:2      | Learned a level 2 spell: Sure Blade
  3297 | D:3      | Killed Prince Ribbit
  3297 | D:3      | Reached skill level 1 in Ice Magic
  3297 | D:3      | Reached XP level 6. HP: 6/29 MP: 2/20
  3557 | D:3      | Reached skill level 5 in Hexes
  3578 | D:3      | Reached skill level 5 in Spellcasting
  3948 | D:4      | Noticed an ogre
  3961 | D:4      | Killed an ogre
  3961 | D:4      | Reached skill level 8 in Stealth
  3961 | D:4      | Reached XP level 7. HP: 32/32 MP: 20/23
  4118 | D:4      | Noticed a giant frog
  4169 | D:4      | Killed a giant frog
  4197 | D:4      | Noticed an ogre
  4212 | D:4      | Killed an ogre
  4386 | D:4      | Reached skill level 9 in Stealth
  4447 | D:4      | Found a staircase to the Ecumenical Temple.
  4453 | Temple   | Entered the Ecumenical Temple
  4675 | D:4      | Found a shimmering altar of Xom.
  4678 | D:4      | Found a shimmering altar of Xom.
  4851 | D:4      | Found a shimmering altar of Xom.
  4942 | D:5      | Entered Level 5 of the Dungeon
  5026 | D:5      | Reached skill level 1 in Fighting
  5054 | D:5      | Found an ancient bone altar of Kikubaaqudgha.
  5087 | D:5      | Found a snail-covered altar of Cheibriados.
  5091 | D:5      | Found a sparkling altar of Nemelex Xobeh.
  5091 | D:5      | Found an iron altar of Okawaru.
  5092 | D:5      | Found a shadowy altar of Dithmenos.
  5125 | D:5      | Became a worshipper of Nemelex Xobeh the Trickster
  5209 | D:5      | Reached XP level 8. HP: 20/37 MP: 21/25
  5215 | D:5      | Learned a level 4 spell: Fulminant Prism
  5390 | D:5      | Noticed Kira's ghost (average SpEn)
  5428 | D:5      | Killed Kira's ghost
  5628 | D:5      | Got an encrusted short sword
  5629 | D:5      | Identified the +5 short sword of the Gloaming {flame, rElec rPois Int+2} (You found it on level 5 of the Dungeon)
  5675 | D:5      | Reached skill level 10 in Stealth
  5777 | D:5      | Received a gift from Nemelex Xobeh
  6021 | D:6      | Reached skill level 1 in Conjurations
  6085 | D:6      | Reached skill level 5 in Dodging
  6115 | D:6      | Found a bloodstained altar of Trog.
  6252 | D:6      | Reached skill level 11 in Stealth
  6309 | D:6      | Found a snail-covered altar of Cheibriados.
  6387 | D:6      | Found a deep blue altar of Sif Muna.
  6653 | D:7      | Received a gift from Nemelex Xobeh
  6671 | D:7      | Reached XP level 9. HP: 42/42 MP: 27/27
  6901 | D:7      | Found an ancient bone altar of Kikubaaqudgha.
  6902 | D:7      | Found a blossoming altar of Fedhas.
  7124 | D:7      | Noticed Eustachio
  7132 | D:7      | Killed Eustachio
  7132 | D:7      | Reached skill level 12 in Stealth
  7537 | D:8      | Received a gift from Nemelex Xobeh
  7702 | D:8      | Received a gift from Nemelex Xobeh
  7761 | D:8      | Reached skill level 1 in Evocations
  7802 | D:8      | Noticed a centaur skeleton
  7821 | D:8      | Killed a centaur skeleton
  7821 | D:8      | Reached skill level 13 in Stealth
  8406 | D:8      | Found a staircase to the Lair.
  8407 | D:8      | Noticed an elephant
  8416 | D:8      | Reached XP level 10. HP: 47/47 MP: 29/29
  8418 | D:8      | Killed an elephant
  8969 | Lair:1   | Entered Level 1 of the Lair of Beasts
  8970 | Lair:1   | Noticed a black mamba
  8973 | Lair:1   | Killed a black mamba
  9020 | D:9      | Acquired Nemelex Xobeh's first power
  9326 | D:9      | Noticed Edmund
  9336 | D:9      | Killed Edmund
  9336 | D:9      | Reached skill level 14 in Stealth
  9344 | D:9      | Found a sacrificial altar of Ru.
  9761 | D:10     | Entered Level 10 of the Dungeon
  9769 | D:10     | Noticed Fannar
  9796 | D:10     | Killed Fannar
  9904 | D:10     | Noticed a hill giant
  9910 | D:10     | Killed a hill giant
  9924 | D:10     | Received a gift from Nemelex Xobeh
  9962 | D:10     | Reached skill level 5 in Evocations
 10194 | D:10     | Noticed an unseen horror
 10202 | D:10     | Killed an unseen horror
 10361 | D:10     | Noticed a hill giant
 10368 | D:10     | Killed a hill giant
 10368 | D:10     | Reached XP level 11. HP: 51/51 MP: 28/31
 10661 | D:10     | Noticed an unseen horror
 10677 | D:10     | Killed an unseen horror
 11244 | D:11     | Acquired Nemelex Xobeh's second power
 11244 | D:11     | Received a gift from Nemelex Xobeh
 11487 | D:11     | Found a sparkling altar of Nemelex Xobeh.
 11548 | D:11     | Reached skill level 15 in Stealth
 12188 | D:12     | Received a gift from Nemelex Xobeh
 12197 | D:12     | Noticed a hill giant
 12198 | D:12     | Noticed a four-headed hydra
 12435 | D:12     | Killed a hill giant
 12459 | D:12     | Noticed an ettin
 12459 | D:12     | a four-headed hydra changed into an ettin
 12460 | D:12     | Killed an ettin
 12460 | D:12     | Reached skill level 5 in Conjurations
 12686 | D:9      | You fall through a shaft for 2 floors!
 12997 | D:12     | Learned a level 4 spell: Force Lance
 13003 | D:12     | Learned a level 5 spell: Warp Weapon
 13047 | D:12     | HP: 1/51 [large slime creature (33)]
 13415 | D:12     | Reached skill level 1 in Translocations
 13471 | D:12     | Found a glowing silver altar of Zin.
 13474 | D:12     | Noticed a six-headed hydra
 13479 | D:12     | Killed a six-headed hydra
 13515 | D:12     | Noticed a hill giant
 13518 | D:12     | Killed a hill giant
 13680 | D:12     | Found a staircase to the Orcish Mines.
 13701 | D:12     | Noticed a hill giant
 13709 | D:12     | Killed a hill giant
 14145 | D:13     | Noticed an unseen horror
 14152 | D:13     | Killed an unseen horror
 14172 | D:13     | Reached XP level 12. HP: 38/56 MP: 30/32
 14477 | D:13     | Noticed Maurice
 14507 | D:13     | Killed Maurice
 14598 | D:13     | Reached skill level 5 in Short Blades
 14899 | D:11     | Reached skill level 10 in Dodging
 15042 | D:13     | Reached skill level 16 in Stealth
 15184 | D:13     | Reached skill level 10 in Spellcasting
 15191 | D:13     | Noticed a centaur warrior
 15197 | D:13     | Killed a centaur warrior
 15307 | D:13     | Found Stoaffoa's Food Boutique.
 15353 | D:13     | Received a gift from Nemelex Xobeh
 15576 | D:14     | Reached skill level 5 in Translocations
 15681 | D:14     | Noticed a vault guard
 15692 | D:14     | Noticed a vault guard
 15717 | D:14     | Noticed a seven-headed hydra
 15756 | D:15     | Entered Level 15 of the Dungeon
 15896 | D:15     | Acquired Nemelex Xobeh's third power
 16029 | D:14     | Noticed Urug
 16032 | D:14     | Noticed a fire dragon
 16032 | D:14     | Noticed a centaur warrior
 16037 | D:14     | Killed Urug
 16168 | D:15     | Noticed a five-headed hydra
 16174 | D:15     | Noticed a centaur warrior
 16192 | D:15     | Shot with an arrow by a centaur warrior

Action                   |  1- 3 |  4- 6 |  7- 9 | 10-12 || total
-------------------------+-------+-------+-------+-------++-------
Melee: Dagger            |    76 |     4 |       |       ||    80
       Rapier            |       |    48 |    97 |       ||   145
       Short sword       |       |       |   131 |   347 ||   478
 Cast: Ensorcelled Hiber |    23 |    41 |    60 |   123 ||   247
       Confuse           |       |     5 |     7 |    22 ||    34
       Sure Blade        |       |     1 |     3 |     1 ||     5
       Fulminant Prism   |       |       |     1 |     4 ||     5
Evoke: Deck              |       |       |     4 |    30 ||    34
       Wand              |       |       |       |     7 ||     7
  Use: Scroll            |       |       |       |     2 ||     2
 Stab: Sleeping          |    31 |    24 |    84 |    84 ||   223
       Distracted        |       |     2 |       |     3 ||     5
       Confused          |       |       |     4 |    10 ||    14
       Petrifying        |       |       |       |     1 ||     1
  Eat: Bread ration      |       |     1 |     1 |       ||     2
       Pizza             |       |       |     1 |     1 ||     2
       Fruit             |       |       |       |     4 ||     4
